 Dungeon Crawl Stone Soup version 0.29.1-13-g9f3cf754e1 (webtiles) character file.

Game seed: 12713015315453164676

27 Thatpatchoflichen the Trooper (level 3, -1/39 HPs)
             Began as an Ogre Monk on Feb 10, 2023.
             Succumbed to an adder's poison
             ... on level 1 of the Dungeon.
             The game lasted 00:01:39 (1238 turns).

Thatpatchoflichen the Trooper (Ogre Monk)           Turns: 1238, Time: 00:01:40

Health: -1/39      AC:  3    Str: 17    XL:     3   Next: 10%
Magic:  3/3        EV: 10    Int: 11    God:
Gold:   36         SH:  0    Dex: 11    Spells: 2/2 levels left

rFire   . . .      SeeInvis .   a - +0 mace
rCold   . . .      Faith    .   (no shield)
rNeg    . . .      Spirit   .   b - +0 robe
rPois   .          Reflect  .   (helmet restricted)
rElec   .          Harm     .   (no cloak)
rCorr   .          Rampage  .   (gloves unavailable)
Will    .....                   (boots unavailable)
Stlth   ++........              (no amulet)
HPRegen 0.13/turn               (no ring)
MPRegen 0.08/turn               (no ring)

@: lethally poisoned (-1 -> -7)
A: large, unfitting armour, tough skin 1
a: no special abilities


You were on level 1 of the Dungeon.
You visited 1 branch of the dungeon, and saw 2 of its levels.

You collected 36 gold pieces.

Inventory:

Hand Weapons
 a - a +0 mace (weapon)
Missiles
 d - 5 poisoned darts (quivered)
Armour
 b - a +0 robe (worn)
Scrolls
 f - a scroll of poison {unknown}
 g - a scroll of identify {unknown}
 h - a scroll of immolation {unknown}
 i - a scroll of teleportation {unknown}
Potions
 c - a potion of ambrosia
 e - 2 potions of might {unknown}


   Skills:
 - Level 4.0 Fighting
 + Level 3.8 Maces & Flails
 - Level 2.6 Dodging
 - Level 1.4 Stealth


You had 2 spell levels left.
You didn't know any spells.
Your spell library was empty.

Dungeon Overview and Level Annotations

Branches:
Dungeon (2/15)

Altars:


Innate Abilities, Weirdness & Mutations

You are too large for most types of armour.
You have tough skin. (AC +1)


Message History

The orc closely misses you.
You hit the orc.
The orc is severely wounded.
The orc completely misses you.
You barely miss the orc.
The orc is severely wounded.
The orc hits you with a +0 whip. The orc barely misses you.
You barely miss the orc. Your punch misses the orc.
The orc is severely wounded.
The orc hits you with a +0 whip.
You barely miss the orc.
The orc is severely wounded.
The orc hits you but does no damage.
You hit the orc but do no damage.
The orc is severely wounded.
The orc hits you with a +0 whip.
You hit the orc.
You kill the orc!
The adder bites you.
* * * LOW HITPOINT WARNING * * *
You are poisoned.
The adder poisons you!
You closely miss the adder.
You feel very sick. The adder closely misses you. The adder barely misses you.
You closely miss the adder.
You feel sick. The adder bites you.
* * * LOW HITPOINT WARNING * * *
You hit the adder.
The adder is heavily wounded.
You feel sick. The adder bites you.
* * * LOW HITPOINT WARNING * * *
You are more poisoned.
The adder poisons you! The adder bites you but does no damage.
You closely miss the adder.
The adder is heavily wounded.
* * * LOW HITPOINT WARNING * * *
You feel sick. The adder bites you but does no damage.
You barely miss the adder.
The adder is heavily wounded.
You die...

#.#### #.# #.# #.# #.#
#.# #.# ### #.# #@#
#.# #S###########.####
#.................
#####..##...##########
#.....)#8)..8#
#......##...##
#..)...##...#
##......##...##
#.......#8...8#


You could see an adder.

Vanquished Creatures
  An orc (D:1)
  2 ball pythons (D:1)
  4 bats (D:1)
  2 endoplasms (D:1)
  3 hobgoblins (D:1)
  2 quokkas (D:1)
  3 goblins (D:1)
  3 kobolds (D:1)
  3 rats (D:1)
23 creatures vanquished.

Notes
Turn   | Place    | Note
-------+----------+-------------------------------------------
     0 | D:1      | Thatpatchoflichen the Ogre Monk began the quest for the
                  | Orb.
     0 | D:1      | Reached XP level 1. HP: 24/24 MP: 1/1
   222 | D:1      | Reached XP level 2. HP: 29/32 MP: 2/2
   915 | D:1      | Reached XP level 3. HP: 38/39 MP: 3/3
  1237 | D:1      | HP: 1/39 [poisoned by an adder]
  1238 | D:1      | Succumbed to an adder's poison

Illustrated notes

Levels and vault maps discovered:
D:1:      dpeg_arrival_round_a, layout_basic, serial_corexii_hall,
          corexii_hall_statues_u, corexii_hall_statues_x, minivault_24,
          kennysheep_decorative_pillar
D:2:      layout_basic

Skill      XL: |  1 |
---------------+----+-----
Maces & Flails | 3 |  3.8
Fighting       | |  4.0
Dodging        | |  2.6
Stealth        | |  1.4

Action                   || total
-------------------------++-------
Melee: Mace              ||    72
       Punch             ||     1
 Stab: Sleeping          ||     3
Armor: Robe              ||    22
Dodge: Dodged            ||    45
